 Dungeon Sprint DCSS version 0.31-a0-18-gea43df2a32 (webtiles) character file.

Game seed: 2858198616785455297

10 sircluck the Shooter (level 2, -21/25 HPs)
             Began as a Minotaur Hunter on May 11, 2023.
             Killed from afar by an oklob sapling (23 damage)
             ... with a splash of acid
             ... in the Dungeon (Sprint IV: "Fedhas' Mad Dash").
             The game lasted 00:00:08 (19 turns).

sircluck the Shooter (Minotaur Hunter)                Turns: 19, Time: 00:00:09

Health: -21/25     AC: -1    Str: 15    XL:     2   Next: 10%
Magic:  1/1        EV: 12    Int:  6    God:
Gold:   0          SH:  0    Dex: 13    Spells: 1/1 levels left

rFire   . . .        a - +0 shortbow
rCold   . . .        (shield currently unavailable)
rNeg    . . .        c - +0 leather armour
rPois   .            (helmet restricted)
rElec   .            (no cloak)
rCorr   .            (no gloves)
SInv    .            (no boots)
Will    .....        (no amulet)
Stlth   +            (no ring)
HPRegen 0.24/turn    (no ring)
MPRegen 0.07/turn

%: no teleportation
@: corroded
A: horns 2, retaliatory headbutt
a: no special abilities


You were in the Dungeon.
You visited 1 branch

Inventory:

Hand Weapons
 a - a +0 shortbow (weapon)
Armour
 c - a +0 leather armour (worn)
Scrolls
 b - a scroll of immolation
 i - a scroll of blinking
Potions
 d - a potion of curing
 e - a potion of heal wounds
 f - a potion of haste
 g - 2 potions of magic
 h - a potion of berserk rage
 j - a potion of experience {unknown}


   Skills:
 + Level 2.7 Fighting
 + Level 6.2 Ranged Weapons
 + Level 2.4 Dodging
 + Level 0.7 Stealth


You had one spell level left.
You didn't know any spells.
Your spell library was empty.

Dungeon Overview and Level Annotations

Branches:
Dungeon (1/1)

Altars:

Annotations:
D exclusion: oklob sapling


Innate Abilities, Weirdness & Mutations

You have a pair of horns on your head.
You reflexively headbutt those who attack you in melee.


Message History

A rat and a river rat come into view.
Found a fuming clear potion.
You shoot an arrow. The arrow hits the river rat!
The river rat is severely wounded.
You shoot an arrow. The arrow hits the river rat.
You kill the river rat!
Your Ranged Weapons skill gained 2 levels and is now at level 6!
You have reached level 2!
You shoot an arrow. The arrow barely misses the rat.
You shoot an arrow. The arrow hits the rat.
You kill the rat!
No target in view!
No target in view!
No target in view!
No target in view!
There is an open door here.
j - a fuming clear potion You open the door.
An oklob sapling comes into view.
The oklob sapling spits acid at you. The splash of acid misses you.
Marking area around an oklob sapling as unsafe for travelling.
Found 28 gold pieces.
You shoot an arrow.
The arrow hits the oklob sapling but does no damage.
You shoot an arrow.
The arrow hits the oklob sapling but does no damage.
You shoot an arrow.
The arrow hits the oklob sapling but does no damage.
You shoot an arrow.
The arrow completely misses the oklob sapling.
The oklob sapling spits acid at you. The splash of acid hits you!!
Ouch! That really hurt!
* * * LOW HITPOINT WARNING * * *
The acid corrodes you! The oklob sapling spits acid at you.
The splash of acid hits you!!
Ouch! That really hurt!
You die...

############ #####
#<..P#.....#.$$$$#
#PP..'....@'.#
#PPPP#.....#P#
############ #


You could see an oklob sapling.

Vanquished Creatures
  A river rat (D)
  A rat (D)
2 creatures vanquished.

Notes
Turn   | Place    | Note
-------+----------+-------------------------------------------
     0 | D        | sircluck the Minotaur Hunter began the quest for the Orb.
     0 | D        | Reached XP level 1. HP: 18/18 MP: 0/0
     6 | D        | Reached skill level 6 in Ranged Weapons
     6 | D        | Reached XP level 2. HP: 25/25 MP: 1/1
    15 | D        | Noticed an oklob sapling
    19 | D        | Killed from afar by an oklob sapling

Illustrated notes

Levels and vault maps discovered:
D:        dungeon_sprint_fedhas [sprint_temple]

Skill      XL: |  1 |
---------------+----+-----
Ranged Weapons | 6 |  6.2
Fighting       | |  2.7
Dodging        | |  2.4
Stealth        | |  0.7

Action                     || total
---------------------------++-------
   Fire: Shortbow          ||     8
  Dodge: Dodged            ||     1

Table legend: (Time is in decaauts)
 A = Elapsed time spent in this place.
 B = Non-inter-level travel time spent in this place.
 C = Inter-level travel time spent in this place.
 D = Time resting spent in this place.
 E = Time spent auto-exploring this place.
 F = Levels seen in this place.
 G = Mean time per level.
                   A        B        C        D        E       F      G
               +--------+--------+--------+--------+--------+-----+--------+
         Total |     20 |     20 |      0 |      0 |      9 |   1 |   20.0 |
       Dungeon |     20 |     20 |      0 |      0 |      9 |   1 |   20.0 |
               +--------+--------+--------+--------+--------+-----+--------+

Top non-repeatable levels by time:
       D: 20 daAuts
